 Dungeon Crawl Stone Soup version 0.17-a0-1-g1f4be75 (webtiles) character file.

201 McCoppin the Scratcher (level 5, -8/26 HPs)
             Began as a Felid Monk on Mar 7, 2015.
             Was a Believer of Dithmenos.
             Killed from afar by an orc wizard (10 damage)
             ... with a magic dart
             ... on level 4 of the Dungeon.
             The game lasted 00:11:48 (3066 turns).

McCoppin the Scratcher (Felid Monk)                 Turns: 3066, Time: 00:11:50

Health: -8/26      AC:  1    Str:  7    XL:     5   Next: 50%
Magic:  8/8        EV: 20    Int: 12    God:    Dithmenos [**....]
Gold:   136        SH:  0    Dex: 19    Spells: 0 memorised, 4 levels left
                                        Lives:  0   Deaths: 1

rFire  . . .     SeeInvis +       - Unarmed
rCold  + . .     Clarity  .     (armour unavailable)
rNeg   . . .     SustAb   .     (shield unavailable)
rPois  +         Gourm    .     (helmet unavailable)
rElec  .         Spirit   .     (cloak unavailable)
rCorr  .         Warding  .     (gloves unavailable)
rMut   .         Stasis   .     (boots unavailable)
MR     .....                    (no amulet)
Stlth  ++++......               k - ring of poison resistance
                                c - ring of protection from cold

@: slowed, wreathed by umbra, slow, not resistant to hostile enchantments,
stealthy
A: paw claws, no armour, no weapons or thrown items, fangs 3, see invisible,
carnivore 3, speed 1, shaggy fur 1, slow metabolism 1, sharp paws
a: Shadow Step, Renounce Religion


You were on level 4 of the Dungeon.
You worshipped Dithmenos.
Dithmenos was pleased with you.
You were full.

You visited 1 branch of the dungeon, and saw 4 of its levels.

You collected 136 gold pieces.

Inventory:

Jewellery
 c - a ring of protection from cold (left paw)
 g - an uncursed ring of wizardry
 j - an uncursed ring of flight
 k - a ring of poison resistance (right paw)
Scrolls
 d - 2 scrolls of remove curse
 e - 3 scrolls of identify
 o - a scroll of fog {unknown}
Potions
 f - a potion of flight
 h - a potion of magic
Books
 l - a Fen Folio

   Spells                             Type                      Level
   a - Corpse Rot                     Necromancy                   2
   b - Stone Arrow                    Conjuration/Earth            3
   c - Leda's Liquefaction            Hexes/Earth                  4
   d - Summon Forest                  Summoning/Translocation      5
   e - Hydra Form                     Transmutation                6
   f - Summon Hydra                   Summoning                    7
Comestibles
 a - a royal jelly
 b - 3 meat rations
 i - 2 beef jerkies


   Skills:
 + Level 5.4 Fighting
 - Level 4.0 Dodging
 - Level 2.6 Stealth
 + Level 5.9 Unarmed Combat


You had 4 spell levels left.
You didn't know any spells.

Dungeon Overview and Level Annotations

Branches:
Dungeon (4/15)
 Temple: D:4-7

Altars:
Ashenzari
Cheibriados
Dithmenos
Elyvilon
Ru
The Shining One

Annotations:
D:3 Speissi's ghost, average DsAK


Innate Abilities, Weirdness & Mutations

You cannot wear armour.
You are incapable of wielding weapons or throwing items.
You have razor-sharp teeth.
You have supernaturally acute eyesight.
You are carnivorous and can eat meat at any time.
You cover ground quickly.
You are covered in fur (AC +1).
You have a slow metabolism.
Your paws have sharp claws that are effective at stabbing.


Message History

* * * LOW HITPOINT WARNING * * *
The orc wizard is no longer bleeding.
The orc wizard gestures wildly while chanting.
The orc wizard blinks!
The orc wizard points at you and mumbles some strange words.
You easily resist.
A hound comes into view.
You barely miss the orc wizard.
The orc wizard is severely wounded.
The orc wizard gestures wildly while chanting.
The orc wizard blinks!
The orc wizard gestures at you while chanting.
You easily resist.
The hound barks!
You scratch the orc wizard but do no damage.
The orc wizard is severely wounded.
The orc wizard misses you.
The orc wizard gestures at you while chanting.
The magic dart hits you!
You die...

.#####.# #......# . .[.<#
#.#.#### #.≈ .#..# # ##.#.##### #
..⌠. .#..##.# #........# ≈#..^
.......# #...###### .#≈. ##..####
#...# ####.# ## ##..#
#####...##### ####.#..# ...
....###)..........###)......#....
.##............o@g.ho†##.†....o..
#######...........###.##....#.o..
.#### #####÷..##### #.#..#..# ...
....# #..[# #.#.##..# .. ..#.#
#...# #.#. #..# . ....# #...#
.#.( ...# .#.## ##.## ###. #.##
.#.# ..# ## #.# .#.# .# ..#


You could see a hound, an orc wizard, an orc and a hobgoblin.

Vanquished Creatures
  An ogre (D:3)
  A hound (D:4)
  A worker ant (D:4)
  Robin (D:2)
  7 adders
  A worm (D:2)
  3 giant geckos (D:1)
  2 orcs
  2 giant cockroaches
  27 goblins
  12 hobgoblins
  6 kobolds
  2 quokkas (D:3)
  3 ball pythons
  9 bats
  3 giant newts
  2 rats
83 creatures vanquished.

Notes
Turn   | Place    | Note
--------------------------------------------------------------
     0 | D:1      | McCoppin, the Felid Monk, began the quest for the Orb.
     0 | D:1      | Reached XP level 1. HP: 10/10 MP: 2/2
   101 | D:1      | Reached XP level 2. HP: 14/14 MP: 3/3
   763 | D:1      | Reached XP level 3. HP: 15/17 MP: 5/5
  1230 | D:2      | Reached XP level 4. HP: 22/22 MP: 7/7
  1544 | D:2      | Reached skill level 5 in Unarmed Combat
  1668 | D:3      | Noticed Robin
  1817 | D:2      | Killed Robin
  2101 | D:3      | Found a shattered altar of Ashenzari.
  2101 | D:3      | Found a sacrificial altar of Ru.
  2107 | D:3      | Found a shadowy altar of Dithmenos.
  2108 | D:3      | Found a white marble altar of Elyvilon.
  2110 | D:3      | Found a glowing golden altar of the Shining One.
  2112 | D:3      | Found a snail-covered altar of Cheibriados.
  2116 | D:3      | Became a worshipper of Dithmenos the Shadowed
  2116 | D:3      | Acquired Dithmenos' first power
  2139 | D:3      | Noticed an ogre
  2139 | D:3      | Noticed Speissi's ghost (average DsAK)
  2311 | D:3      | Killed an ogre
  2311 | D:3      | Reached XP level 5. HP: 25/25 MP: 8/8
  2344 | D:3      | Reached skill level 5 in Fighting
  2722 | D:3      | Slain by Speissi's ghost
  2723 | D:3      | Reached XP level 4. HP: -2/23 MP: 7/7
  2877 | D:4      | Reached XP level 5. HP: 24/26 MP: 8/8
  3061 | D:4      | HP: 1/26 [orc (2)]
  3066 | D:4      | Killed from afar by an orc wizard

Action                   |  1- 3 |  4- 6 || total
-------------------------+-------+-------++-------
Melee: Unarmed           |    69 |   163 ||   232
  Use: Potion            |     2 |     1 ||     3
       Scroll            |       |     7 ||     7
 Stab: Sleeping          |    10 |     7 ||    17
       Distracted        |       |     1 ||     1
  Eat: Chunk             |     7 |     5 ||    12
